 Dungeon Sprint DCSS version 0.23.1 (webtiles) character file.

Game seed: 9746976268550308247

24301 wilfster70 the Bludgeoner (level 13, 0/95 HPs)
             Began as a Gargoyle Monk on Mar 12, 2019.
             Was the Champion of the Shining One.
             Slain by an ettin
             ... wielding a +0 dire flail
              (31 damage)
             ... in the Dungeon (Sprint IX: "|||||||||||||||||||||||||||||").
             The game lasted 00:15:35 (3050 turns).

wilfster70 the Bludgeoner (Gargoyle Monk)           Turns: 3050, Time: 00:15:36

Health: 0/95       AC: 31    Str: 22    XL:     13   Next: 12%
Magic:  21/21      EV: 17    Int: 15    God:    the Shining One [******]
Gold:   61         SH:  0    Dex: 12    Spells: 14/23 levels left

rFire    . . .     SeeInvis .   v - +3 great mace
rCold    . . .     Gourm    .   (shield currently unavailable)
rNeg     + + +     Faith    .   o - +1 scale mail
rPois    ∞         Spirit   .   n - +1 helmet
rElec    +         Reflect  .   x - +1 cloak {MR+}
rCorr    .         Harm     .   w - +1 pair of gloves
MR       +....     NoTele   +   u - +1 pair of boots
Stlth    ..........             (no amulet)
HPRegen  0.25/turn              q - +3 ring of intelligence
MPRegen  0.17/turn              p - +3 ring of strength

@: glowing
A: negative energy resistance 1, electricity resistance, unbreathing,
petrification resistance, rot immunity, AC +9
a: Divine Shield, Cleansing Flame, Summon Divine Warrior, Brand Weapon With Holy
Wrath, Renounce Religion


You were in the Dungeon.
You worshipped the Shining One.
The Shining One was exalted by your worship.
You were hungry.

You visited 1 branch You collected 1886 gold pieces.
You spent 1825 gold pieces at shops.

Inventory:

Hand Weapons
 a - a +2 morningstar of protection
 v - a +3 great mace (weapon)
Armour
 m - a +1 cloak
 n - a +1 helmet (worn)
 o - a +1 scale mail (worn)
 u - a +1 pair of boots (worn)
 w - a +1 pair of gloves (worn)
 x - a +1 cloak of magic resistance (worn)
Jewellery
 d - an uncursed ring of protection from cold
 p - a +3 ring of strength (right hand)
 q - a +3 ring of intelligence (left hand)
Wands
 l - a wand of iceblast (10)
 t - a wand of acid (10)
Scrolls
 i - 3 scrolls of blinking
 j - 4 scrolls of remove curse
 k - 2 scrolls of amnesia
 r - 2 scrolls of fear
 s - 3 scrolls of identify
Potions
 b - a potion of brilliance
 e - 2 potions of heal wounds
 f - 2 potions of haste
 g - 4 potions of magic
 h - 9 potions of curing
 z - 2 potions of agility
Comestibles
 c - 11 rations


   Skills:
 + Level 16.5 Fighting
 + Level 16.6 Maces & Flails
 - Level 15.2 Armour
 - Level 12.4 Dodging
 - Level 2.1 Stealth
 + Level 5.5 Spellcasting
 + Level 6.6 Conjurations
 + Level 6.0 Ice Magic
 + Level 11.5 Invocations


You had 14 spell levels left.
You knew the following spells:

 Your Spells              Type           Power        Failure   Level  Hunger
a - Glaciate              Conj/Ice       ###.......   100%        9    #######

Your spell library contained the following spells:

 Spells                   Type           Power        Failure   Level  Hunger
 Confusing Touch          Hex            #.....       30%         1    None
 Confuse                  Hex            #.......     65%         3    ###....
 Gell's Gravitas          Tloc           #.........   65%         3    ###....
 Metabolic Englaciation   Hex/Ice        ##........   94%         5    ######.
 Petrify                  Tmut/Erth      #.......     96%         4    ####...
 Yara's Violent Unravell  Hex/Tmut       #.........   100%        5    ######.
 Poison Arrow             Conj/Pois      ##........   100%        6    #######
 Chain Lightning          Conj/Air       ##........   100%        8    #######
 Lehudib's Crystal Spear  Conj/Erth      ##........   100%        8    #######
 Fire Storm               Conj/Fire      ##........   100%        9    #######


Dungeon Overview and Level Annotations

Branches:
Dungeon (1/1)

Altars:
Cheibriados
Dithmenos
Elyvilon
Fedhas
Gozag
Hepliaklqana
Kikubaaqudgha
Makhleb
Nemelex Xobeh
Okawaru
Qazlal
Ru
Sif Muna
Trog
Uskayaw
Vehumet
Wu Jian
Xom
Yredelemnul
Zin
The Shining One
Beogh
Jiyva
Lugonu

Shops:
D !%:}


Innate Abilities, Weirdness & Mutations

You are resistant to torment.
Your stone body is resilient. (AC +9)
You are immune to poison.
You resist negative energy. (rN+)
You are resistant to electric shocks. (rElec)
You can survive without breathing.
You are immune to petrification.
You are immune to rotting.


Message History

The frost giant hits you with a +0 battleaxe of freezing.
The frost giant freezes you.
You bludgeon the frost giant!!
The frost giant is almost dead.
The frost giant hits you with a +0 battleaxe of freezing!
The frost giant freezes you.
You hit the frost giant.
The frost giant is almost dead.
You hit the frost giant.
The frost giant is almost dead.
The frost giant hits you with a +0 battleaxe of freezing!
The frost giant freezes you.
You bludgeon the frost giant!!
You kill the frost giant!
Your Ice Magic skill increases to level 6!
You hit the ettin.
The ettin is lightly wounded.
The ettin misses you.
The ettin hits you with a +0 dire flail!!
You die...

....÷............'..[.[[..'....▓
▓▓▓▓▓▓▓▓▓▓▓▓▓▓▓▓▓▓▓▓▓▓▓▓▓▓▓▓▓▓.▓
....................)..........▓
▓▓▓▓▓▓▓▓▓▓▓▓▓▓▓▓▓▓▓▓▓▓▓▓▓▓▓▓▓▓▓▓
)..)..)).∩.∩.∩.∩.)...'.........▓
▓▓▓▓▓▓▓▓▓▓▓▓▓▓▓▓▓▓▓▓▓▓▓▓▓▓▓▓▓▓.▓
.....................)..())....▓
▓▓▓▓▓▓▓▓▓▓▓▓▓▓▓▓▓▓▓▓▓▓▓▓▓▓▓▓▓▓▓▓
.....')(÷(......@C...+
▓▓▓▓▓▓▓▓▓▓▓▓▓▓▓▓▓▓▓▓▓▓


You could see an ettin.

Vanquished Creatures
  A frost giant (D)
  2 stone giants (D)
  A fire dragon (D)
  Josephine (D)
  2 hydras (D)
  A centaur warrior (D)
  4 ogre magi (D)
  A tengu warrior (D)
  6 two-headed ogres (D)
  A deep troll shaman (D)
  Urug (D)
  An orc high priest (D)
  Sonja (D)
  2 orc knights (D)
  An ugly thing (D)
  An orc sorcerer (D)
  Maurice (D)
  A rime drake (D)
  2 spiny frogs (D)
  An efreet (D)
  A polar bear (D)
  A troll (shapeshifter) (D)
  A dream sheep (D)
  2 hippogriffs (D)
  A blink frog (D)
  4 wraiths (D)
  A yak (D)
  Grum (D)
  A warg (D)
  2 hell hounds (D)
  A water moccasin (D)
  2 porcupines (D)
  A phantom (D)
  6 orc warriors (D)
  An eye of draining (D)
  7 wolves (D)
  4 ogres (D)
  2 crocodiles (D)
  4 bullfrogs (D)
  A killer bee (D)
  A howler monkey (D)
  A crimson imp (D)
  A hound (D)
  5 orc priests (D)
  4 orc wizards (D)
  4 worker ants (D)
  A dart slug (D)
  10 orcs (D)
  A bat zombie (D)
  A quokka (D)
  2 ball pythons (D)
  A frilled lizard (D)
  A quokka skeleton (D)
  2 rats (D)
111 creatures vanquished.

Notes
Turn   | Place    | Note
-------+----------+-------------------------------------------
     0 | D        | wilfster70 the Gargoyle Monk began the quest for the Orb.
     0 | D        | Reached XP level 1. HP: 14/14 MP: 1/1
    13 | D        | Reached skill level 1 in Armour
   277 | D        | Noticed a worker ant
   277 | D        | Noticed a worker ant
   285 | D        | Reached XP level 2. HP: 19/20 MP: 2/2
   291 | D        | Reached XP level 3. HP: 23/24 MP: 3/3
   300 | D        | HP: 1/24 [worker ant (5)]
   302 | D        | Reached skill level 5 in Maces & Flails
   309 | D        | Reached XP level 4. HP: 15/30 MP: 4/4
   449 | D        | Found a roughly hewn altar of Beogh.
   449 | D        | Found a snail-covered altar of Cheibriados.
   449 | D        | Found a shadowy altar of Dithmenos.
   449 | D        | Found a white marble altar of Elyvilon.
   449 | D        | Found a blossoming altar of Fedhas.
   449 | D        | Found an opulent altar of Gozag.
   450 | D        | Found a hazy altar of Hepliaklqana.
   451 | D        | Found a viscous altar of Jiyva.
   452 | D        | Found an ancient bone altar of Kikubaaqudgha.
   453 | D        | Found a corrupted altar of Lugonu.
   454 | D        | Found a burning altar of Makhleb.
   455 | D        | Found a sparkling altar of Nemelex Xobeh.
   456 | D        | Found an iron altar of Okawaru.
   457 | D        | Found a stormy altar of Qazlal.
   458 | D        | Found a sacrificial altar of Ru.
   459 | D        | Found a deep blue altar of Sif Muna.
   460 | D        | Found a bloodstained altar of Trog.
   461 | D        | Found a hide-covered altar of Uskayaw.
   462 | D        | Found a radiant altar of Vehumet.
   463 | D        | Found an ornate altar of the Wu Jian Council.
   464 | D        | Found a shimmering altar of Xom.
   465 | D        | Found a basalt altar of Yredelemnul.
   466 | D        | Found a glowing silver altar of Zin.
   467 | D        | Found a glowing golden altar of the Shining One.
   475 | D        | Became a worshipper of the Shining One
   475 | D        | Reached * piety under the Shining One
   475 | D        | Reached ** piety under the Shining One
   531 | D        | Noticed an orc warrior
   531 | D        | Noticed an eye of draining
   535 | D        | Reached skill level 5 in Fighting
   540 | D        | Killed an orc warrior
   540 | D        | Reached skill level 5 in Armour
   540 | D        | Reached XP level 5. HP: 34/36 MP: 0/5
   545 | D        | Reached skill level 5 in Dodging
   545 | D        | Reached XP level 6. HP: 40/42 MP: 0/6
   552 | D        | Killed an eye of draining
   605 | D        | Reached *** piety under the Shining One
   605 | D        | Noticed a troll
   605 | D        | Noticed a phantom
   605 | D        | Noticed a two-headed ogre
   619 | D        | Killed a troll
   619 | D        | Reached skill level 10 in Maces & Flails
   619 | D        | Reached XP level 7. HP: 36/50 MP: 7/7
   629 | D        | Killed a two-headed ogre
   629 | D        | Reached XP level 8. HP: 27/56 MP: 8/8
   660 | D        | Reached **** piety under the Shining One
   912 | D        | Noticed a yak
   912 | D        | Noticed a spiny frog
   917 | D        | Noticed a blink frog
   917 | D        | Reached ***** piety under the Shining One
   917 | D        | Reached skill level 10 in Fighting
   922 | D        | Killed a yak
   922 | D        | Reached XP level 9. HP: 62/62 MP: 9/9
   930 | D        | Killed a spiny frog
   930 | D        | Reached skill level 10 in Armour
   953 | D        | Noticed a polar bear
   953 | D        | Noticed a six-headed hydra
   953 | D        | Noticed a rime drake
   953 | D        | Noticed a spiny frog
   953 | D        | Noticed a five-headed hydra
   962 | D        | Killed a six-headed hydra
   973 | D        | Killed a five-headed hydra
   973 | D        | Reached XP level 10. HP: 42/71 MP: 10/10
   988 | D        | Killed a spiny frog
   988 | D        | Reached skill level 15 in Maces & Flails
  1225 | D        | Reached ****** piety under the Shining One
  1248 | D        | Reached skill level 10 in Dodging
  1311 | D        | Noticed Maurice
  1326 | D        | Killed Maurice
  1352 | D        | Noticed Sonja
  1356 | D        | Killed Sonja
  1356 | D        | Reached XP level 11. HP: 78/78 MP: 11/11
  1401 | D        | Noticed an orc sorcerer
  1413 | D        | Noticed a soul eater
  1417 | D        | Killed an orc sorcerer
  1587 | D        | Noticed a stone giant
  1587 | D        | Noticed an orc high priest
  1587 | D        | Noticed an orc knight
  1603 | D        | Killed a stone giant
  1616 | D        | Killed an orc high priest
  1628 | D        | Killed an orc knight
  1628 | D        | Reached skill level 5 in Invocations
  1803 | D        | Found Jazetau's Distillery.
  1803 | D        | Noticed an ogre mage
  1803 | D        | Noticed an ogre mage
  1804 | D        | Noticed an ogre mage
  1809 | D        | Killed an ogre mage
  1810 | D        | Noticed a two-headed ogre
  1824 | D        | Killed a two-headed ogre
  1826 | D        | Found Icivian's Food Shoppe.
  1834 | D        | Killed an ogre mage
  1846 | D        | Found Qoidduf's Book Emporium.
  1847 | D        | Killed an ogre mage
  1849 | D        | Found Juatah's Gadget Shoppe.
  1849 | D        | Noticed a two-headed ogre
  1849 | D        | Noticed a two-headed ogre
  1876 | D        | Killed a two-headed ogre
  1876 | D        | Reached XP level 12. HP: 27/86 MP: 16/18
  1950 | D        | Killed a two-headed ogre
  1950 | D        | Reached skill level 15 in Fighting
  1955 | D        | Noticed an ogre mage
  1967 | D        | Killed an ogre mage
  2030 | D        | Noticed a two-headed ogre
  2038 | D        | Killed a two-headed ogre
  2038 | D        | Reached skill level 15 in Armour
  2063 | D        | Noticed a two-headed ogre
  2071 | D        | Killed a two-headed ogre
  2108 | D        | Bought a book of Misfortune for 280 gold pieces
  2108 | D        | Bought a book of Annihilations for 1545 gold pieces
  2118 | D        | Learned a level 9 spell: Glaciate
  2187 | D        | Noticed Grum
  2188 | D        | Noticed Josephine
  2196 | D        | Reached skill level 1 in Conjurations
  2203 | D        | Killed Josephine
  2203 | D        | Reached skill level 1 in Spellcasting
  2206 | D        | Killed Grum
  2206 | D        | Reached skill level 10 in Invocations
  2218 | D        | Noticed Urug
  2235 | D        | Killed Urug
  2647 | D        | Noticed a tengu warrior
  2652 | D        | Noticed a centaur warrior
  2666 | D        | Killed a tengu warrior
  2667 | D        | Noticed a fire dragon
  2672 | D        | Noticed a deep troll shaman
  2673 | D        | Noticed a stone giant
  2679 | D        | Killed a centaur warrior
  2685 | D        | The Shining One protects you from harm!
  2689 | D        | Killed a fire dragon
  2689 | D        | Reached skill level 5 in Conjurations
  2692 | D        | Killed a deep troll shaman
  2698 | D        | Killed a stone giant
  2698 | D        | Reached skill level 5 in Ice Magic
  2698 | D        | Reached XP level 13. HP: 10/95 MP: 21/21
  2700 | D        | HP: 1/95 [acid (6)]
  2703 | D        | Reached skill level 5 in Spellcasting
  3037 | D        | Noticed an ettin
  3037 | D        | Noticed a frost giant
  3049 | D        | Killed a frost giant
  3050 | D        | Slain by an ettin

Skill      XL: |  1  2  3  4  5  6  7  8  9 10 11 12 13 |
---------------+----------------------------------------+-----
Armour         | 1 2 3 5 7 8 9 11 12 14 15 | 15.2
Fighting       | 4 6 8 9 10 11 13 14 16 | 16.5
Maces & Flails | 4 5 7 8 10 11 12 14 16 | 16.6
Dodging        | 3 4 5 6 7 9 10 11 12 | 12.4
Invocations    | 8 11 | 11.5
Conjurations   | 5 6 |  6.6
Spellcasting   | 4 5 |  5.5
Ice Magic      | 5 6 |  6.0
Stealth        | |  2.1

Action                   |  1- 3 |  4- 6 |  7- 9 | 10-12 | 13-15 || total
-------------------------+-------+-------+-------+-------+-------++-------
Melee: Mace              |    46 |       |       |       |       ||    46
       Morningstar       |       |    33 |    76 |   278 |       ||   387
       Great mace        |       |       |       |    45 |    21 ||    66
Invok: Divine Shield     |       |       |       |     2 |       ||     2
  Use: Potion            |     2 |       |       |     2 |     1 ||     5
       Scroll            |       |       |     2 |     2 |       ||     4
  Eat: Chunk             |       |       |       |     6 |     1 ||     7
Armor: Robe              |     5 |       |       |       |       ||     5
       Scale mail        |       |    15 |    55 |   113 |     5 ||   188
Dodge: Dodged            |    27 |    19 |    58 |   152 |     3 ||   259
Block: Other             |       |       |       |     3 |     3 ||     6
